 Dungeon Crawl Stone Soup version 0.29-a0-643-ga013cefcf8 (webtiles) character file.

Game seed: 17985974650716818794

192 IdlyInterested the Slasher (level 5, -3/58 HPs)
             Began as a Demonspawn Gladiator on June 19, 2022.
             Slain by a hobgoblin
             ... wielding a +0 club
              (4 damage)
             ... on level 4 of the Dungeon.
             The game lasted 00:07:52 (3521 turns).

IdlyInterested the Slasher (Demonspawn Gladiator)   Turns: 3521, Time: 00:07:52

Health: -3/58      AC: 13    Str: 11 (14) XL:     5   Next: 42%
Magic:  5/5        EV:  6    Int: 14 (15) God:
Gold:   135        SH:  0    Dex: 16      Spells: 4/4 levels left

rFire   . . .      SeeInvis .   a - +0 long sword
rCold   . . .      Faith    .   (no shield)
rNeg    . . .      Spirit   .   f - +1 chain mail of the Leaf {-Tele Int+5 Slay+3}
rPois   .          Reflect  .   c - +0 helmet
rElec   .          Harm     .   (no cloak)
rCorr   .          Rampage  .   (no gloves)
Will    .....      NoTele   +   (no boots)
Stlth   ..........              (no amulet)
HPRegen 0.19/turn               (no ring)
MPRegen 0.09/turn               (no ring)

@: berserking (expiring), hasted, very quick
A: claws 1, slimy green scales 2, powered by pain 1
a: no special abilities


You were on level 4 of the Dungeon.
You visited 1 branch of the dungeon, and saw 4 of its levels.

You collected 135 gold pieces.

Inventory:

Hand Weapons
 a - a +0 long sword (weapon)
Missiles
 d - 3 throwing nets
 e - a javelin
 g - 21 stones (quivered)
 j - 6 poisoned darts
Armour
 c - a +0 helmet (worn)
 f - the +1 chain mail of the Leaf (worn) {-Tele Int+5 Slay+3}
   (You found it on level 2 of the Dungeon)

   Int:       It affects your intelligence (+5).
   Slay:      It affects your accuracy & damage with ranged weapons and melee
   (+3).
   -Tele:     It prevents most forms of teleportation.
Wands
 i - a wand of quicksilver (9)
Scrolls
 b - a scroll of fog
 l - a scroll of fear


   Skills:
 - Level 2.3 Fighting
 * Level 4.3 Long Blades
 - Level 2.0 Throwing
 - Level 2.0 Armour
 * Level 3.4 Dodging
 * Level 0.2 Evocations


You had 4 spell levels left.
You didn't know any spells.
Your spell library contained the following spells:

 Spells                   Type           Power      Damage    Failure   Level
 Necrotize                Necr           0%         1d4       100%        1
 Vampiric Draining        Necr           0%         2d6       100%        3
 Agony                    Necr           0%         N/A       100%        5


Dungeon Overview and Level Annotations

Branches:
Dungeon (4/15)
 Temple: D:4-7

Altars:
Hepliaklqana
Vehumet
Xom


Innate Abilities, Weirdness & Mutations

You have sharp fingernails.
You are mostly covered in slimy green scales. (AC +3)
You sometimes gain a little power by taking damage.


Message History

A red film seems to cover your vision as you go berserk!
You feel yourself moving faster!
You feel mighty! The worm bites you but does no damage.
The hobgoblin hits you but does no damage.
The gnoll hits you from afar with a +0 spear.
* * * LOW HITPOINT WARNING * * *
The hobgoblin hits you but does no damage.
You slash the worm!
The worm is heavily wounded.
The goblin hits you.
* * * LOW HITPOINT WARNING * * *
You slash the worm!
You kill the worm!
The hobgoblin completely misses you.
The hobgoblin hits you but does no damage.
The gnoll hits you from afar with a +0 spear.
* * * LOW HITPOINT WARNING * * *
You slash the hobgoblin!
You kill the hobgoblin!
The hobgoblin hits you with a +0 club.
* * * LOW HITPOINT WARNING * * *
The gnoll hits you but does no damage. The goblin hits you but does no damage.
You slash the hobgoblin!
You kill the hobgoblin!
The goblin barely misses you.
The hobgoblin hits you but does no damage.
The gnoll hits you but does no damage. The goblin barely misses you.
The goblin hits you but does no damage.
You see here a +0 club.
You completely miss the gnoll. The goblin hits you with a +0 club.
* * * LOW HITPOINT WARNING * * *
The gnoll barely misses you. The goblin hits you but does no damage.
You slash the gnoll!
You kill the gnoll!
The goblin hits you but does no damage.
The hobgoblin hits you but does no damage.
The goblin hits you but does no damage. The goblin barely misses you.
You closely miss the goblin. The goblin hits you but does no damage.
The hobgoblin hits you with a +0 club.
You die...

####### ########
#.....## ##......#
'......###.......#
#.......#........##+#
........#...........#
).......'......g....#
).......#......g@)..#
#.......#.†....gg##'#
'......###.......#
#.....## ##......#
##################
≈≈≈≈≈≈≈≈≈≈≈≈
≈≈≈≈≈≈≈≈≈≈≈≈
≈≈≈≈≈≈≈≈≈≈≈≈
≈≈≈≈≈≈.≈....


You could see a hobgoblin and 3 goblins.

Vanquished Creatures
  A statue (D:3)
  2 gnolls (D:4)
  4 adders
  2 worms
  A dart slug (D:4)
  An orc (D:4)
  3 bats
  7 endoplasms
  2 giant cockroaches (D:3)
  17 goblins
  12 hobgoblins
  10 jackals
  9 kobolds
  3 quokkas
  8 ball pythons
  7 frilled lizards
  4 rats
93 creatures vanquished.

Notes
Turn   | Place    | Note
-------+----------+-------------------------------------------
     0 | D:1      | IdlyInterested the Demonspawn Gladiator began the quest for
                  | the Orb.
     0 | D:1      | Reached XP level 1. HP: 16/16 MP: 1/1
    44 | D:1      | Reached skill level 3 in Long Blades
    51 | D:1      | Gained mutation: You are partially covered in slimy green
                  | scales. (AC +2) [demonic ancestry]
    51 | D:1      | Reached XP level 2. HP: 8/22 MP: 2/2
   550 | D:1      | Found a faded altar of an unknown god.
   770 | D:1      | Gained mutation: You sometimes gain a little power by
                  | taking damage. [demonic ancestry]
   770 | D:1      | Reached XP level 3. HP: 23/27 MP: 3/3
  1269 | D:2      | Identified the +1 chain mail of the Leaf {-Tele Int+5
                  | Slay+3}
  1464 | D:2      | Found a hazy altar of Hepliaklqana.
  1903 | D:3      | Gained mutation: You are mostly covered in slimy green
                  | scales. (AC +3) [demonic ancestry]
  1903 | D:3      | Reached XP level 4. HP: 20/33 MP: 4/4
  2140 | D:3      | Found a radiant altar of Vehumet.
  2140 | D:3      | Noticed a frost-covered statue
  2141 | D:3      | Killed a frost-covered statue
  2142 | D:3      | Reached skill level 4 in Long Blades
  2142 | D:3      | Reached skill level 1 in Armour
  2188 | D:3      | Found a shimmering altar of Xom.
  3276 | D:4      | Gained mutation: You have sharp fingernails. [demonic
                  | ancestry]
  3276 | D:4      | Reached XP level 5. HP: 39/39 MP: 5/5
  3516 | D:4      | HP: 2/58 [hobgoblin/+0 club (3)]
  3521 | D:4      | Slain by a hobgoblin

Illustrated notes

Levels and vault maps discovered:
D:1:      ebering_hopf_link, layout_basic, hellmonk_ecumenical_altar_blasted
D:2:      layout_loops_ring, basic_altar
D:3:      layout_loops_ring, vehumet_statue, marbit_many_paths,
          kennysheep_generic_room_8
D:4:      minmay_goblin_kobold_castle, layout_rooms,
          gammafunk_temple_overflow_arena, kennysheep_boxes, uniq_menkaure

Skill      XL: |  1  2  3  4  5 |
---------------+----------------+-----
Long Blades    | 3 4 |  4.3
Dodging        | 3 |  3.4
Throwing       | 2 |  2.0
Armour         | 1 2 |  2.0
Fighting       | |  2.3
Evocations     | |  0.2

Action                   |  1- 3 |  4- 6 || total
-------------------------+-------+-------++-------
Melee: Long sword        |   149 |   110 ||   259
       Punch             |     1 |     2 ||     3
Evoke: Wand              |       |     1 ||     1
  Use: Potion            |     3 |     3 ||     6
       Scroll            |     1 |     4 ||     5
Armor: Leather armour    |    27 |       ||    27
       Ring mail         |    12 |       ||    12
       Chain mail        |    46 |   137 ||   183
Dodge: Dodged            |    96 |    45 ||   141

Table legend: (Time is in decaauts)
 A = Elapsed time spent in this place.
 B = Non-inter-level travel time spent in this place.
 C = Inter-level travel time spent in this place.
 D = Time resting spent in this place.
 E = Time spent auto-exploring this place.
 F = Levels seen in this place.
 G = Mean time per level.
                   A        B        C        D        E       F      G
               +--------+--------+--------+--------+--------+-----+--------+
         Total |   3571 |   3544 |     27 |   1025 |   1782 |   4 |  892.8 |
       Dungeon |   3571 |   3544 |     27 |   1025 |   1782 |   4 |  892.8 |
               +--------+--------+--------+--------+--------+-----+--------+

Top non-repeatable levels by time:
     D:3: 1356 daAuts
     D:1: 1203 daAuts
     D:2: 658 daAuts
     D:4: 353 daAuts
